 Dungeon Crawl Stone Soup version 0.29.1-15-g9cfb28693d (webtiles) character file.

Game seed: 6836576356396542016

68203 BuddhaDhamma the Axe Maniac (level 14, -1/102 HPs)
             Began as a Minotaur Berserker on Mar 19, 2023.
             Was the Champion of Trog.
             Killed by divine providence
             ... invoked by an orc high priest
              (9 damage)
             ... on level 2 of the Orcish Mines.
             The game lasted 00:49:10 (18334 turns).

BuddhaDhamma the Axe Maniac (Minotaur Berserker)   Turns: 18334, Time: 00:49:10

Health: -1/102     AC: 46    Str: 24    XL:     14   Next: 85%
Magic:  13/13      EV:  6    Int:  6    God:    Trog [******]
Gold:   1613       SH:  0    Dex: 13    Spells: 13/13 levels left

rFire   + . .      SeeInvis +   h - +4 executioner's axe
rCold   + . .      Faith    .   (shield currently unavailable)
rNeg    + . .      Spirit   .   L - +8 orange crystal plate armour {Archmagi, Int+3 Clar}
rPois   +          Reflect  .   Q - +2 hat
rElec   +          Harm     .   p - +2 ratskin cloak {*Rats rPois rN+ Str-1 Int-1 Dex+1}
rCorr   +          Rampage  .   A - +2 pair of gloves
Will    +++..      Archmagi +   M - +1 pair of boots
Stlth   .......... Clarity  +   n - amulet of regeneration
HPRegen 2.07/turn               w - +4 ring of protection
MPRegen 0.13/turn               F - ring of see invisible

@: resistant, strong-willed, on berserk cooldown, regenerating, slowed, very
slow
A: horns 2, retaliatory headbutt
a: Renounce Religion, Berserk, Trog's Hand, Brothers in Arms


You were on level 2 of the Orcish Mines.
You worshipped Trog.
Trog was exalted by your worship.
You visited 3 branches of the dungeon, and saw 20 of its levels.
You also visited: Sewer and Bailey.

You collected 1885 gold pieces.
You spent 272 gold pieces at shops.

Inventory:

Hand Weapons
 b - a +2 antimagic battleaxe
 h - a +4 executioner's axe (weapon)
 K - a +9 vorpal broad axe
Missiles
 q - 15 boomerangs (quivered)
Armour
 p - the +2 ratskin cloak (worn) {*Rats rPois rN+ Str-1 Int-1 Dex+1}
   (You found it on level 3 of the Dungeon)

   When the wearer is hurt, rats may emerge from it to assist them.
   Str:       It affects your strength (-1).
   Int:       It affects your intelligence (-1).
   Dex:       It affects your dexterity (+1).
   rPois:     It protects you from poison.
   rN:        It protects you from negative energy.
 A - a +2 pair of gloves (worn)
 L - the +8 orange crystal plate armour (worn) {Archmagi, Int+3 Clar}
   (You acquired it on level 12 of the Dungeon)

   Int:       It affects your intelligence (+3).
   Clar:      It protects you against confusion.
 M - a +1 pair of boots (worn)
 Q - a +2 hat (worn)
Jewellery
 c - a ring of poison resistance
 l - a ring of protection from cold
 n - an amulet of regeneration (around neck)
 w - a +4 ring of protection (left hand)
 F - a ring of see invisible (right hand)
 N - an amulet of faith
 P - a ring of flight
Wands
 a - a wand of digging (3)
 i - a wand of charming (10)
 z - a wand of acid (19)
 C - a wand of flame (66)
 J - a wand of iceblast (9)
 R - a wand of polymorph (5)
Scrolls
 j - 5 scrolls of fear
 r - 3 scrolls of teleportation
 u - a scroll of magic mapping
 x - 3 scrolls of blinking
 y - a scroll of fog
 G - a scroll of silence
 H - 2 scrolls of summoning
 O - 2 scrolls of identify
Potions
 d - 5 potions of magic
 e - 7 potions of curing
 f - 4 potions of mutation
 g - 3 potions of flight
 k - 5 potions of cancellation
 m - 9 potions of haste
 o - 10 potions of ambrosia
 s - 2 potions of resistance
 t - 4 potions of might
 v - 3 potions of invisibility
 B - a potion of attraction
 D - 10 potions of brilliance
 I - 3 potions of lignification
 T - a potion of berserk rage


   Skills:
 - Level 3.6 Fighting
 O Level 27 Axes
 + Level 14.1 Armour
 - Level 2.1 Dodging


You had 13 spell levels left.
You didn't know any spells.
Your spell library was empty.

Dungeon Overview and Level Annotations

Branches:
Dungeon (13/15)            Temple (0/1) D:7            Lair (5/5) D:10
 Shoals (0/4) Lair:2        Snake (0/4) Lair:3          Orc (2/2) D:9
    Elf (0/3) Orc:2        Vaults (0/5) D:13          Sewer (visited)
 Bailey (visited)
  Slime: Lair:4-5

Altars:
Ashenzari
Cheibriados
Fedhas
Hepliaklqana
Makhleb
Trog
Vehumet
Xom
Yredelemnul

Shops:
D:2 !*=   D:3 ?   D:11 !   Orc:2 *?

Portals:
Hell: Lair:5

Annotations:
D:6 3 runed translucent doors, leafyfresh's ghost, weakling OpDe
D:12 3 runed translucent doors
Lair:4 exclusion: 2 oklob plants
Lair:5 exclusion: 3 oklob plants


Innate Abilities, Weirdness & Mutations

You have a pair of horns on your head.
You reflexively headbutt those who attack you in melee.


Message History

The sixfirhy hits your hell rat!
Your hell rat dies!
The sun demon hits you but does no damage.
The sun demon hits your two-headed ogre.
Your two-headed ogre is engulfed in flames!
Your two-headed ogre completely misses the sun demon.
Your two-headed ogre barely misses the sun demon.
The orc high priest hits your river rat with a +0 short sword!
Your river rat dies!
The sixfirhy barely misses your river rat.
The sun demon hits you but does no damage. x2
The ynoxinul gestures.
You see here a +0 battleaxe.
The sixfirhy hits your two-headed ogre.
The sixfirhy shocks your two-headed ogre!
The sixfirhy hits your two-headed ogre!
The sixfirhy shocks your two-headed ogre!
The sixfirhy hits your two-headed ogre!
The sixfirhy shocks your two-headed ogre!
Your two-headed ogre dies!
Your two-headed ogre's corpse disappears in a puff of smoke!
The sun demon hits you but does no damage.
Something closely misses your river rat.
The orc knight roars a battlecry!
The ynoxinul barely misses your river rat.
Your river rat bites the orc knight but does no damage.
The sun demon hits you!
* * * LOW HITPOINT WARNING * * *
A river rat scurries out from under your cloak.
You are engulfed in flames!
You resist.
* * * LOW HITPOINT WARNING * * *
You slash the sun demon! Your headbutt misses the sun demon.
The sun demon is moderately wounded.
You closely miss the sixfirhy. You slice the sun demon!!
The sun demon hits you but does no damage.
Your river rat is smitten.
Your river rat dies!
The orc high priest invokes the aid of Beogh against you.
Beogh smites you!
You die...

##....##.####...)........# ##
#.........##...#)..###...###.
##..##.........###.)####.###..
#...#....#....#####.)##### ##. #
##...#....##.###.###..## ##.. ##
##.........####...###..## #... .#
#.........####.#)#.###).####..
.####.......####..)#...###.)###..
..#........####3@r###...###))###.
..........####.33## ##...###))###
#.#....#.####..o## ##....))).##
..#......# #5.)## ##.))#....#
........###.#o## ##....#...
.......###..3o. ##.....#.
......###.....#o ##..#...
.......###.....o. ##.....#.
#....#..###.#.# .. ##....#...


You could see an orc knight (ally target), an orc high priest (strong), 2 sun
demons, a sixfirhy (summoned), a ynoxinul (summoned), an orc sorcerer (strong),
an ufetubus (summoned) and a friendly river rat.

Vanquished Creatures
  The ghost of safid the Frost Mage, a journeyman MfIE of Vehumet (Lair:2)
  6 boulder beetles
  7 hydras
  A two-headed ogre (Orc:2)
  A catoblepas (Lair:4)
  A death yak (Lair:5)
  4 orc high priests (Orc:2)
  A sixfirhy (Lair:5)
  3 skeletal warriors (D:9)
  An obsidian statue (D:12)
  A wizard (Lair:5)
  A lindwurm (Lair:5)
  2 deep elf pyromancers (D:12)
  A necromancer (D:13)
  A cyclops (D:8)
  An orc knight (Orc:2)
  2 manticores (D:12)
  5 black mambas
  5 elephants (Lair:1)
  A smoke demon (Lair:5)
  An orange demon (Lair:5)
  9 cane toads
  2 unseen horrors
  2 gargoyles
  Psyche (D:10)
  6 komodo dragons
  5 rime drakes
  A yaktaur (shapeshifter) (D:13)
  2 ice devils (Lair:5)
  5 trolls
  A queen bee (Lair:2)
  Grinder (D:4)
  A hornet (D:10)
  3 slime creatures (D:13)
  The ghost of AverageBear the Ducker, an amateur OpFi (D:4)
  5 dream sheep (Lair:3)
  23 blink frogs
  A snapping turtle (Lair:2)
  Sigmund (D:3)
  A ynoxinul (Orc:2)
  A spriggan (shapeshifter) (D:13)
  2 vampires
  43 yaks
  3 shadows
  4 wyverns
  A wraith (D:13)
  5 steam dragons
  4 basilisks
  A warg (Orc:2)
  9 vampire mosquitoes
  Menkaure (D:4)
  2 nagas (Lair:3)
  3 acid dragons
  18 water moccasins
  2 hell hounds (Lair:5)
  4 ice beasts
  27 orc warriors
  A hornet zombie (D:4)
  3 black bears
  4 ogres
  10 centaurs
  24 wolves
  A phantom (D:5)
  7 kobold brigands
  15 bullfrogs
  5 scorpions
  A water moccasin skeleton (D:4)
  8 wights
  3 troll zombies (D:9)
  34 killer bees
  5 vampire bats (Bailey)
  A howler monkey (D:8)
  7 wolf zombies (Bailey)
  A bullfrog zombie (D:4)
  A centaur zombie (D:4)
  2 jellies
  Crazy Yiuf (D:3)
  5 gnoll boudas
  21 orc priests
  A centaur skeleton (D:4)
  4 hounds
  Ijyb (D:4)
  14 orc wizards
  Natasha (thrice) (D:4)
  Terence (D:3)
  3 iguanas
  5 ogre zombies (D:9)
  A spectral hound (D:4)
  A hound skeleton (D:4)
  A howler monkey skeleton (D:4)
  11 adders
  31 gnolls
  4 river rats (Sewer)
  3 shadow imps
  A white imp (D:6)
  An adder skeleton (D:4)
  4 worms (D:2)
  4 dart slugs
  An adder simulacrum (D:4)
  70 orcs
  18 ball pythons
  7 endoplasms
  A giant cockroach (D:3)
  4 goblins
  9 hobgoblins
  3 jackals (D:4)
  5 quokkas
  3 bats
  7 frilled lizards
  A goblin zombie (D:9)
  A hobgoblin skeleton (D:9)
  5 hobgoblin zombies (D:9)
  32 kobolds
  An orc skeleton (D:9)
  36 orc zombies
  25 rats
  A spectral orc (D:6)
732 creatures vanquished.

Vanquished Creatures (collateral kills)
  A boulder beetle (Lair:2)
  A hydra (Lair:5)
  An orc high priest (Orc:2)
  A manticore (D:13)
  An orc sorcerer (Orc:2)
  A smoke demon (Orc:2)
  2 orange demons (Lair:5)
  A red devil (Lair:5)
  A hell hound (Lair:5)
  3 orc priests (Orc:2)
13 creatures vanquished.

Vanquished Creatures (others)
  An orc priest (Orc:2)
  17 fungi
  25 plants
  13 withered plants (D:4)
56 creatures vanquished.

Grand Total: 801 creatures vanquished

Notes
Turn   | Place    | Note
-------+----------+-------------------------------------------
     0 | D:1      | BuddhaDhamma the Minotaur Berserker began the quest for the
                  | Orb.
     0 | D:1      | Reached XP level 1. HP: 19/19 MP: 0/0
    54 | D:1      | Reached skill level 4 in Axes
   135 | D:1      | Reached XP level 2. HP: 20/26 MP: 1/1
   711 | D:1      | Reached skill level 5 in Axes
  1046 | D:2      | Reached XP level 3. HP: 25/31 MP: 2/2
  1396 | D:2      | Reached ** piety under Trog
  1425 | D:2      | Found Fyaf's Jewellery Boutique.
  1573 | D:2      | Found Urchemiergh's General Store.
  1577 | D:2      | Bought a scroll of identify for 26 gold pieces
  1605 | D:2      | Found Seobirr's Distillery.
  1613 | D:2      | Bought a potion of curing for 36 gold pieces
  1903 | D:2      | Reached skill level 6 in Axes
  1903 | D:2      | Reached XP level 4. HP: 37/39 MP: 3/3
  2033 | D:3      | Noticed Sigmund
  2041 | D:3      | Killed Sigmund
  2042 | D:3      | Reached skill level 7 in Axes
  2042 | D:3      | Reached XP level 5. HP: 45/45 MP: 4/4
  2080 | D:3      | Found the +2 ratskin cloak {*Rats rPois rN+ Str-1 Int-1
                  | Dex+1}
  2104 | D:3      | Noticed Terence
  2109 | D:3      | Killed Terence
  2110 | D:3      | Reached skill level 8 in Axes
  2203 | D:3      | Found a broken altar of Ashenzari.
  2203 | D:3      | Found Geff's Magic Scroll Shoppe.
  2317 | D:3      | Found a runed translucent door.
  2318 | D:3      | Noticed Crazy Yiuf
  2325 | D:3      | Killed Crazy Yiuf
  2326 | D:3      | Reached XP level 6. HP: 51/51 MP: 5/5
  2498 | D:3      | Found a glowing drain.
  2532 | Sewer    | Entered a sewer
  2716 | Sewer    | Reached skill level 9 in Axes
  2910 | Sewer    | Reached *** piety under Trog
  2916 | Sewer    | Reached XP level 7. HP: 57/57 MP: 6/6
  3013 | Sewer    | Reached skill level 10 in Axes
  3022 | Sewer    | Identified the +4 chain mail of Disguise {Drain rC- rCorr
                  | Str+7}
  3534 | D:4      | Reached skill level 11 in Axes
  3552 | D:4      | Reached **** piety under Trog
  3585 | D:4      | Found a runed translucent gate.
  3586 | D:4      | Found a runed translucent gate.
  3586 | D:4      | Found a runed translucent gate.
  3589 | D:4      | Noticed AverageBear's ghost (amateur OpFi)
  3597 | D:4      | Found a hazy altar of Hepliaklqana.
  3796 | D:4      | Noticed a steam dragon
  3808 | D:4      | Killed a steam dragon
  3809 | D:4      | Reached XP level 8. HP: 40/64 MP: 7/7
  3940 | D:4      | Reached skill level 12 in Axes
  4006 | D:4      | Noticed Natasha
  4007 | D:4      | Found the +4 dagger "Morg" {pain, Will+ Int+5}
  4012 | D:4      | Killed Natasha
  4189 | D:4      | Noticed Menkaure
  4195 | D:4      | Killed Menkaure
  4504 | D:4      | Noticed Grinder
  4506 | D:4      | Noticed Ijyb
  4518 | D:4      | Killed Ijyb
  4540 | D:4      | Killed Grinder
  4541 | D:4      | Reached skill level 13 in Axes
  4806 | D:4      | Noticed Natasha
  4812 | D:4      | Killed Natasha
  4879 | D:4      | Noticed Natasha
  4883 | D:4      | Killed Natasha
  5094 | D:4      | Killed AverageBear's ghost
  5095 | D:4      | Reached skill level 14 in Axes
  5095 | D:4      | Reached XP level 9. HP: 70/70 MP: 8/8
  5176 | D:5      | Entered Level 5 of the Dungeon
  5224 | D:5      | Identified the +3 dagger "Veumow" {elec, rPois rF+ Will++
                  | Str+2}
  5328 | D:5      | Found a bloodstained altar of Trog.
  5480 | D:5      | Found a radiant altar of Vehumet.
  5644 | D:5      | Reached skill level 15 in Axes
  5979 | D:6      | Noticed leafyfresh's ghost (weakling OpDe)
  6027 | D:6      | Found a runed translucent gate.
  6027 | D:6      | Found a runed translucent gate.
  6027 | D:6      | Found a runed translucent gate.
  6039 | D:6      | Reached ***** piety under Trog
  6280 | D:6      | Found a basalt altar of Yredelemnul.
  6673 | D:7      | Reached skill level 16 in Axes
  6684 | D:7      | Found a flagged portal.
  6702 | Bailey   | Entered a bailey
  6907 | Bailey   | Noticed a gargoyle
  6915 | Bailey   | Killed a gargoyle
  6947 | Bailey   | Identified the +1 scale mail "Yraqydui" {Will++ Int-3}
  6962 | Bailey   | Reached skill level 17 in Axes
  7032 | Bailey   | Reached XP level 10. HP: 76/77 MP: 9/9
  7385 | D:7      | Found a blossoming altar of Fedhas.
  7414 | D:7      | Noticed a boulder beetle
  7430 | D:7      | Killed a boulder beetle
  7488 | D:7      | Found a staircase to the Ecumenical Temple.
  7493 | D:7      | Reached skill level 18 in Axes
  7769 | D:8      | Received a gift from Trog
  7821 | D:8      | Noticed a cyclops
  7834 | D:8      | Killed a cyclops
  7835 | D:8      | Reached skill level 19 in Axes
  8451 | D:9      | Identified the +8 sling "Tequtaveip" {flame, Drain rElec
                  | rC+}
  8461 | D:9      | Noticed a skeletal warrior
  8461 | D:9      | Noticed a skeletal warrior
  8462 | D:9      | Noticed a skeletal warrior
  8474 | D:9      | Killed a skeletal warrior
  8475 | D:9      | Reached XP level 11. HP: 81/82 MP: 10/10
  8479 | D:9      | Killed a skeletal warrior
  8480 | D:9      | Reached skill level 20 in Axes
  8481 | D:9      | Killed a skeletal warrior
  8925 | D:9      | Found a staircase to the Orcish Mines.
  9109 | D:9      | Found a snail-covered altar of Cheibriados.
  9149 | D:10     | Entered Level 10 of the Dungeon
  9286 | D:10     | Noticed Psyche
  9291 | D:10     | Found a staircase to the Lair.
  9300 | D:10     | Killed Psyche
  9300 | D:10     | Received a gift from Trog
  9426 | D:10     | Reached skill level 21 in Axes
  9638 | D:11     | Noticed a boulder beetle
  9656 | D:11     | Killed a boulder beetle
  9820 | D:11     | Reached skill level 22 in Axes
 10007 | D:11     | Found Siqoafi's Distillery.
 10010 | D:11     | Bought a potion of heal wounds for 70 gold pieces
 10010 | D:11     | Bought a potion of resistance for 140 gold pieces
 10141 | D:12     | Noticed a deep elf pyromancer
 10163 | D:12     | Killed a deep elf pyromancer
 10164 | D:12     | Reached XP level 12. HP: 80/90 MP: 11/11
 10512 | D:12     | Found a runed translucent door.
 10522 | D:12     | Found a runed translucent door.
 10537 | D:12     | Found a runed translucent door.
 10552 | D:12     | Found a runed translucent door.
 10873 | D:12     | Reached skill level 23 in Axes
 10927 | D:12     | Identified a scroll of acquirement
 10927 | D:12     | Acquired the +8 orange crystal plate armour {Archmagi,
                  | Int+3 Clar}
 10927 | D:12     | Found the +8 orange crystal plate armour {Archmagi, Int+3
                  | Clar}
 11176 | D:13     | Noticed a six-headed hydra
 11185 | D:13     | Killed a ten-headed hydra
 11288 | D:13     | Noticed a boulder beetle
 11310 | D:13     | Killed a boulder beetle
 11500 | D:13     | Received a gift from Trog
 11577 | D:13     | Found a gate to the Vaults.
 11610 | D:13     | Noticed a boulder beetle
 11624 | D:13     | Killed a boulder beetle
 11625 | D:13     | Reached skill level 24 in Axes
 11974 | Lair:1   | Entered Level 1 of the Lair of Beasts
 12054 | Lair:1   | Identified the +3 falchion of Xenua {drain, *Slow rPois
                  | rN++ Str+3}
 12178 | Lair:1   | Noticed a boulder beetle
 12192 | Lair:1   | Killed a boulder beetle
 12244 | Lair:1   | Reached skill level 25 in Axes
 12244 | Lair:1   | Reached XP level 13. HP: 90/95 MP: 12/12
 12406 | Lair:1   | Received a gift from Trog
 13353 | Lair:2   | Found a staircase to the Shoals.
 13561 | Lair:2   | Found a runed translucent gate.
 13561 | Lair:2   | Found a runed translucent gate.
 13562 | Lair:2   | Found a runed translucent gate.
 13563 | Lair:2   | Noticed safid's ghost (journeyman MfIE)
 13581 | Lair:2   | Killed safid's ghost
 13582 | Lair:2   | Reached skill level 26 in Axes
 13965 | Lair:3   | Received a gift from Trog
 13983 | Lair:2   | HP: 3/95 [boulder beetle (16)]
 13987 | Lair:2   | Reached skill level 27 in Axes
 14193 | Lair:3   | You fall into a shaft and drop 1 floor!
 14279 | Lair:4   | Reached skill level 5 in Armour
 14463 | Lair:4   | Reached XP level 14. HP: 93/102 MP: 13/13
 14651 | Lair:3   | Found a staircase to the Snake Pit.
 14685 | Lair:3   | Found a shimmering altar of Xom.
 15693 | Lair:5   | Entered Level 5 of the Lair of Beasts
 15733 | Lair:5   | Identified the +5 spear of the Globe {vorpal, rN++ Int+3}
 15866 | Lair:5   | Found a dark tunnel.
 16069 | Lair:5   | Reached ****** piety under Trog
 16077 | Lair:5   | Received a gift from Trog
 16081 | Lair:5   | Reached skill level 10 in Armour
 16705 | Lair:5   | Found a burning altar of Makhleb.
 16833 | Lair:5   | Found a gateway to Hell.
 17185 | Orc:1    | Entered Level 1 of the Orcish Mines
 17276 | Orc:2    | Entered Level 2 of the Orcish Mines
 17423 | Orc:2    | Found a staircase to the Elven Halls.
 17550 | Orc:2    | Found Metugha's General Store.
 17555 | Orc:2    | Found Ewae's Magic Scroll Shop.
 18334 | Orc:2    | Killed from afar by an orc high priest

Illustrated notes

Levels and vault maps discovered:
D:1:      erik_arrival_cave_to_civilisation [erik_arrival_cave_to_hall],
          layout_basic
D:2:      layout_basic, serial_curves, eino_curves_01, eino_curves_04,
          eino_curves_04, serial_shops, nicolae_shop_behind_doors,
          nicolae_shop_behind_doors, shop, palyth_stone_intersect
D:3:      layout_loops_ring, cheibrodos_ashenzari_chains, gup_sewer_entry_glass,
          serial_shops, nicolae_shop_window_shopping, uniq_terence,
          uniq_crazy_yiuf_cottage, uniq_sigmund
D:4:      layout_basic, nzn_hepliaklqana_mist_gate, gammafunk_ghost_necromancy,
          serial_bayou, serial_bayou_shore_b, serial_bayou_pond_e,
          serial_bayou_ford_a, serial_bayou_shore_b, serial_bayou_pond_d,
          serial_bayou_pond_a, dilly_guarded_unrand_morg, uniq_grinder,
          uniq_ijyb, uniq_natasha, uniq_menkaure
D:5:      layout_basic, mainiacjoe_overflow_big_doors
D:6:      layout_gridville, yredelemnul_forgotten_temple_becter,
          gammafunk_ghost_icy
D:7:      layout_basic, nicolae_overflow_hidden_temple,
          minmay_temple_entry_hall, enter_bailey_4
D:8:      layout_basic
D:9:      layout_cross, marbit_many_paths, zombieorc2_lemuel, nicolae_wwwww
D:10:     layout_rooms, lair_entry_dummy, uniq_psyche
D:11:     layout_rooms, serial_shops, kennysheep_mini_moat, lightli_orcish_oven
D:12:     layout_basic, minmay_statue_crystal_thing
D:13:     layout_gridville, david_vaults_1
Lair:1:   layout_gridlike, grunt_megastairs_3
Lair:2:   layout_loops_ring, minmay_shoals_entry_hut, ebering_ghost_rock_garden,
          special_room [special_room_bee]
Lair:3:   layout_cave_shapes, guppyfry_snake_entry_island, basic_altar
Lair:4:   layout_cave_pods, dpeg_oklob_1, serial_bayou_shore_b,
          serial_bayou_shore_b, infiniplex_staircase_pool_2, lemuel_fruit_tree
Lair:5:   evil_forest, layout_regular_city, minmay_slime_entry_oklob_open,
          nicolae_volcano_entry_vermiform
Orc:1:    layout_diamond_mine, serial_shops, nicolae_square_shop,
          hellmonk_bongcloud_opening, uniq_jorgrun
Orc:2:    pf_orc_diabolical, layout_caves, minmay_orc_temple_c

Skill      XL: |  1  2  3  4  5  6  7  8  9 10 11 12 13 14 |
---------------+-------------------------------------------+-----
Axes           | 4 5 6 7 8 9 11 14 17 19 22 25 27 | 27.0
Armour         | 6 14 | 14.1
Fighting       | |  3.6
Dodging        | |  2.1

Action                   |  1- 3 |  4- 6 |  7- 9 | 10-12 | 13-15 || total
-------------------------+-------+-------+-------+-------+-------++-------
Melee: Hand axe          |    81 |    76 |    38 |       |       ||   195
       Punch             |     1 |       |     3 |     1 |       ||     5
       Headbutt          |    11 |     9 |    44 |    84 |    93 ||   241
       War axe           |       |       |   223 |   247 |       ||   470
       Broad axe         |       |       |       |   240 |   422 ||   662
       Executioner's axe |       |       |       |       |   180 ||   180
Throw: Boomerang         |       |       |       |     3 |       ||     3
Invok: Berserk           |       |     5 |     4 |     7 |     8 ||    24
       Brothers in Arms  |       |       |       |       |     3 ||     3
       Trog's Hand       |       |       |       |       |     1 ||     1
  Use: Scroll            |       |       |    16 |    15 |     7 ||    38
       Potion            |       |       |     3 |     6 |     6 ||    15
 Stab: Distracted        |       |       |       |     1 |       ||     1
       Petrifying        |       |       |       |       |     3 ||     3
Armor: Animal skin       |     1 |       |       |       |       ||     1
       Scale mail        |     8 |       |       |       |       ||     8
       Chain mail        |    27 |    46 |   188 |   215 |       ||   476
       Crystal plate arm |       |       |       |   162 |   806 ||   968
Dodge: Dodged            |    28 |    34 |   124 |   172 |   144 ||   502
Block: Buckler           |       |       |       |    61 |   101 ||   162
